 Dungeon Sprint DCSS version 0.29-a0-364-g921d912d32 (webtiles) character file.

Game seed: 8326084730357843929

4543 mhtbhm the Unseen (level 10, -3/108 HPs)
             Began as a Kobold Berserker on Apr 30, 2022.
             Was a High Priest of Trog.
             Slain by an orc knight
             ... wielding a +2 dire flail
              (16 damage)
             ... in the Dungeon (Sprint III: "The Ten Rune Challenge").
             The game lasted 00:04:03 (3030 turns).

mhtbhm the Unseen (Kobold Berserker)                Turns: 3030, Time: 00:04:05

Health: -3/108     AC:  3    Str: 21    XL:     10   Next: 67%
Magic:  10/10      EV: 20    Int:  8    God:    Trog [*****.]
Gold:   28         SH:  0    Dex: 15    Spells: 9/9 levels left

rFire   + . .      SeeInvis +   a - +7 hand axe (vorpal)
rCold   . . .      Faith    .   (no shield)
rNeg    . . .      Spirit   .   b - +1 robe {rF+}
rPois   .          Reflect  .   (no helmet)
rElec   .          Harm     .   (no cloak)
rCorr   .          Rampage  .   (no gloves)
Will    .....      NoTele   +   (no boots)
Stlth   ..........              (no amulet)
HPRegen 0.28/turn               (no ring)
MPRegen 0.12/turn               (no ring)

@: berserking (expiring), very quick
A: small, no large weapons, nightstalker 3, see invisible, strong 1
a: Renounce Religion, Berserk, Trog's Hand, Brothers in Arms


You were in the Dungeon.
You worshipped Trog.
Trog was extremely pleased with you.
You visited 1 branch You collected 28 gold pieces.

Inventory:

Hand Weapons
 a - a +7 vorpal hand axe (weapon)
Missiles
 c - 7 curare-tipped darts (quivered)
Armour
 b - a +1 robe of fire resistance (worn)
Wands
 d - a wand of digging (7)
Scrolls
 i - a scroll of immolation {unknown}
 j - 4 scrolls of identify
 k - a scroll of torment {unknown}
Potions
 f - 2 potions of magic
 g - 2 potions of berserk rage
 l - a potion of flight {unknown}
 m - 5 potions of mutation
Miscellaneous
 o - a tin of tremorstones (inert)


   Skills:
 + Level 12.3 Fighting
 + Level 13.7 Axes
 + Level 2.7 Armour
 + Level 10.7 Dodging
 + Level 15.8 Stealth
 + Level 2.4 Evocations


You had 9 spell levels left.
You didn't know any spells.
Your spell library was empty.

Dungeon Overview and Level Annotations

Branches:
Dungeon (1/1)

Altars:
Cheibriados
Dithmenos
Elyvilon
Fedhas
Gozag
Hepliaklqana
Kikubaaqudgha
Makhleb
Nemelex Xobeh
Okawaru
Qazlal
Ru
Sif Muna
Trog
Uskayaw
Vehumet
Wu Jian
Xom
Yredelemnul
Zin
The Shining One
Beogh
Jiyva
Lugonu


Innate Abilities, Weirdness & Mutations

You are small and have problems with some larger weapons.
You are completely attuned to the shadows.
You have supernaturally acute eyesight. (SInv)
Your muscles are strong. (Str +2)


Message History

The orc knight is lightly wounded.
An orc comes into view. It is wielding a +0 flail.
The orc knight roars a battlecry!
The orcs go into a battle-frenzy!
You barely miss the orc knight.
The orc knight is lightly wounded.
You closely miss the orc knight.
The orc knight is lightly wounded.
The orc warrior closely misses you.
The orc knight hits you with a +2 dire flail!
The orc sorcerer mumbles some strange words.
You closely miss the orc knight.
The orc knight is lightly wounded.
You barely miss the orc knight.
The orc knight is lightly wounded.
You slash the orc knight!
The orc knight is lightly wounded.
The orc warrior hits you from afar with a +0 trident!
The orc knight hits you with a +2 dire flail!!
* * * LOW HITPOINT WARNING * * *
You are too injured to fight recklessly!
You are too injured to fight recklessly!
You are too injured to fight recklessly!
You are too injured to fight recklessly!
You are too injured to fight recklessly!
You are too injured to fight recklessly!
You are too injured to fight recklessly!
You are too injured to fight recklessly!
You are too injured to fight recklessly!
You are too injured to fight recklessly!
You are too injured to fight recklessly!
You hit the orc knight. You punch the orc knight.
The orc knight is moderately wounded.
You slash the orc knight!
The orc knight is heavily wounded.
You hear a shout!
The orc warrior hits you from afar with a +0 trident!
* * * LOW HITPOINT WARNING * * *
The orc knight hits you with a +2 dire flail!
You die...

############ ♣♣.#___#___#__##$##)
..#)..#__)#._#4....
♣♣♣.###'#'###'##oo3)o
..♣.#..........#oo)).
..♣.'.⌠........#o#
≈♣..#...######'#@#
....#.⌠.#__#...#§################
....#...#__#...#§.§§≈'.#.'...'.#.
....#[###__#...#.#≈§≈#.#.#...##)#
....#.))#__#...'.#..§#.#.#)..#.#.
....#___#__'...#.#§§§#...#)).##.#
▓▓▓▓▓▓▓▓▓▓▓▓▓▓▓▓▓▓▓▓▓▓▓▓▓▓▓▓▓#.#.
f≈≈≈...##.# ≈≈≈♣♣P.+.#.


You could see an orc knight, a neqoxec (summoned), 2 orc sorcerers, a red devil
(summoned), an orc warrior (strong) and an orc (strong).

Vanquished Creatures
  Dowan (D)
  Snorg (D)
  A centaur warrior (D)
  A deep elf pyromancer (D)
  Duvessa (D)
  2 unseen horrors (D)
  A shadow (D)
  A spatial vortex (D)
  2 centaurs (D)
  An earth elemental (D)
  A water elemental (D)
  A necrophage (D)
  A jelly (D)
  2 orc priests (D)
  A wizard (D)
  A necromancer (D)
  3 humans (D)
  A kobold demonologist (D)
  A wolf (D)
  8 orcs (D)
  An endoplasm (D)
  3 rats (D)
36 creatures vanquished.

Notes
Turn   | Place    | Note
-------+----------+-------------------------------------------
     0 | D        | mhtbhm the Kobold Berserker began the quest for the Orb.
     0 | D        | Reached XP level 1. HP: 14/14 MP: 1/1
   250 | D        | Reached ** piety under Trog
   290 | D        | Reached skill level 1 in Stealth
   290 | D        | Reached XP level 2. HP: 20/20 MP: 2/2
   290 | D        | Reached XP level 3. HP: 24/24 MP: 3/3
   428 | D        | HP: 1/36 [wolf (3)]
   430 | D        | Reached skill level 5 in Fighting
   430 | D        | Reached skill level 2 in Stealth
   452 | D        | Gained mutation: You have supernaturally acute eyesight.
                  | (SInv) [potion of mutation]
   452 | D        | Gained mutation: Your muscles are strong. (Str +2) [potion
                  | of mutation]
   742 | D        | Noticed a water elemental
   756 | D        | HP: 1/39 [drowned by a water elemental (3)]
  1073 | D        | Killed a water elemental
  1074 | D        | Reached skill level 5 in Axes
  1074 | D        | Reached skill level 3 in Stealth
  1074 | D        | Reached XP level 4. HP: 20/32 MP: 4/4
  1074 | D        | Reached XP level 5. HP: 22/36 MP: 5/5
  1237 | D        | Found a basalt altar of Yredelemnul.
  1237 | D        | Found a shadowy altar of Dithmenos.
  1237 | D        | Found a sacrificial altar of Ru.
  1242 | D        | Reached *** piety under Trog
  1243 | D        | Reached skill level 4 in Stealth
  1246 | D        | Reached skill level 5 in Dodging
  1246 | D        | Reached skill level 5 in Stealth
  1415 | D        | Found a radiant altar of Vehumet.
  1415 | D        | Found a shimmering blue altar of Sif Muna.
  1415 | D        | Found an ancient bone altar of Kikubaaqudgha.
  1418 | D        | Reached XP level 6. HP: 44/44 MP: 6/6
  1422 | D        | Noticed a rust devil
  1424 | D        | Reached **** piety under Trog
  1425 | D        | Reached skill level 6 in Stealth
  1464 | D        | Found a glowing silver altar of Zin.
  1464 | D        | Found a glowing golden altar of the Shining One.
  1464 | D        | Found a white marble altar of Elyvilon.
  1465 | D        | Noticed a deep elf pyromancer
  1469 | D        | Noticed a fire elemental
  1472 | D        | Killed a deep elf pyromancer
  1473 | D        | Reached skill level 9 in Stealth
  1473 | D        | Reached XP level 7. HP: 49/49 MP: 7/7
  1541 | D        | Found a hide-covered altar of Uskayaw.
  1541 | D        | Found an iron altar of Okawaru.
  1541 | D        | Found a bloodstained altar of Trog.
  1541 | D        | Found an ornate altar of the Wu Jian Council.
  1541 | D        | Noticed a human
  1542 | D        | Noticed a human
  1548 | D        | Killed a human
  1549 | D        | Reached skill level 10 in Axes
  1549 | D        | Reached skill level 10 in Stealth
  1549 | D        | Reached XP level 8. HP: 55/55 MP: 8/8
  1550 | D        | Killed a human
  1550 | D        | Reached ***** piety under Trog
  1637 | D        | Noticed a shadow
  1643 | D        | Killed a shadow
  1644 | D        | Reached skill level 11 in Stealth
  1684 | D        | Found a blossoming altar of Fedhas.
  1684 | D        | Found a stormy altar of Qazlal.
  1684 | D        | Found a snail-covered altar of Cheibriados.
  1684 | D        | Found a burning altar of Makhleb.
  1684 | D        | Found a shimmering altar of Xom.
  1685 | D        | Found a hazy altar of Hepliaklqana.
  1685 | D        | Found an opulent altar of Gozag.
  1685 | D        | Found a sparkling altar of Nemelex Xobeh.
  1685 | D        | Found a corrupted altar of Lugonu.
  1685 | D        | Found a viscous altar of Jiyva.
  1852 | D        | Noticed Snorg
  1915 | D        | Killed Snorg
  1916 | D        | Reached skill level 12 in Stealth
  1916 | D        | Reached skill level 1 in Evocations
  1916 | D        | Reached XP level 9. HP: 62/62 MP: 9/9
  2004 | D        | Reached skill level 13 in Stealth
  2053 | D        | Noticed a centaur warrior
  2062 | D        | Reached skill level 10 in Fighting
  2064 | D        | Killed a centaur warrior
  2065 | D        | Reached skill level 14 in Stealth
  2252 | D        | Noticed an unseen horror
  2253 | D        | Noticed an unseen horror
  2270 | D        | Killed an unseen horror
  2270 | D        | Received a gift from Trog
  2271 | D        | Reached XP level 10. HP: 56/68 MP: 10/10
  2509 | D        | Killed an unseen horror
  2687 | D        | Noticed Dowan
  2687 | D        | Noticed Duvessa
  2700 | D        | Killed Dowan
  2701 | D        | Reached skill level 10 in Dodging
  2701 | D        | Reached skill level 15 in Stealth
  2701 | D        | Killed Duvessa
  3015 | D        | Noticed an orc knight
  3016 | D        | Noticed an orc sorcerer
  3016 | D        | Noticed an orc sorcerer
  3017 | D        | Received a gift from Trog
  3030 | D        | Slain by an orc knight

Illustrated notes

Levels and vault maps discovered:
D:        dungeon_sprint_mu [sprint_mu_entry_forest, sprint_mu_temple_rooms,
          sprint_mu_d1_horrors, sprint_mu_d2_genie, sprint_mu_d3_branching,
          sprint_mu_orc_legion, sprint_mu_elf_gauntlet, sprint_mu_hive_nellie,
          sprint_mu_lair_fedhas, sprint_mu_vaults_butterflies,
          sprint_mu_slime_circle, sprint_mu_shoals_kraken,
          sprint_mu_snake_twists, sprint_mu_blade_basic,
          sprint_mu_crypt_fortress, sprint_mu_tomb_spiral,
          sprint_mu_vestibule_basic, sprint_mu_gehenna_hellfire,
          sprint_mu_dis_giant, sprint_mu_tartarus_statrot,
          sprint_mu_cocytus_islands, sprint_mu_zot1]

Skill      XL: |  1  2  3  4  5  6  7  8  9 10 |
---------------+-------------------------------+-----
Fighting       | 4 6 7 8 9 10 12 | 12.3
Axes           | 3 5 7 9 10 12 13 | 13.7
Armour         | 2 |  2.7
Dodging        | 3 4 5 6 7 8 9 10 | 10.7
Stealth        | 1 3 5 9 10 12 14 15 | 15.8
Evocations     | 1 2 |  2.4

Action                   |  1- 3 |  4- 6 |  7- 9 | 10-12 || total
-------------------------+-------+-------+-------+-------++-------
Melee: Hand axe          |    44 |    18 |    70 |    34 ||   166
       Punch             |       |       |     3 |     1 ||     4
Invok: Berserk           |     5 |     2 |     6 |     3 ||    16
       Brothers in Arms  |       |       |       |     1 ||     1
Evoke: Tin of tremorston |       |       |     2 |     2 ||     4
  Use: Potion            |     2 |       |     3 |     1 ||     6
       Scroll            |       |       |     1 |       ||     1
 Stab: Sleeping          |     4 |     3 |     5 |       ||    12
Armor: Animal skin       |     3 |       |       |       ||     3
       Robe              |       |     1 |     2 |     2 ||     5
Dodge: Dodged            |    24 |     6 |    53 |    23 ||   106

Table legend: (Time is in decaauts)
 A = Elapsed time spent in this place.
 B = Non-inter-level travel time spent in this place.
 C = Inter-level travel time spent in this place.
 D = Time resting spent in this place.
 E = Time spent auto-exploring this place.
 F = Levels seen in this place.
 G = Mean time per level.
                   A        B        C        D        E       F      G
               +--------+--------+--------+--------+--------+-----+--------+
         Total |   3112 |   3088 |     24 |   2547 |      1 |   1 | 3112.0 |
       Dungeon |   3112 |   3088 |     24 |   2547 |      1 |   1 | 3112.0 |
               +--------+--------+--------+--------+--------+-----+--------+

Top non-repeatable levels by time:
       D: 3112 daAuts
